 Dungeon Crawl Stone Soup version 0.17.0-28-g6e173f8 (webtiles) character file.

123 dohliylev the Ducker (level 4, -3/44 HPs)
             Began as a Troll Warper on Nov 22, 2015.
             Was a Believer of Vehumet.
             Slain by an orc wizard
             ... wielding a +0 dagger
              (4 damage)
             ... on level 3 of the Dungeon.
             The game lasted 00:17:35 (2365 turns).

dohliylev the Ducker (Troll Warper)                 Turns: 2365, Time: 00:17:38

Health: -3/44      AC:  5    Str: 20    XL:     4   Next: 80%
Magic:  2/4        EV: 10    Int:  9    God:    Vehumet [**....]
Gold:   105        SH:  0    Dex:  9    Spells: 2 memorised, 2 levels left

rFire  . . .     SeeInvis .       - Unarmed
rCold  . . .     Clarity  .     a - +0 robe
rNeg   . . .     SustAt   .     (no shield)
rPois  .         Gourm    +     (helmet restricted)
rElec  .         Spirit   .     (no cloak)
rCorr  .         Warding  .     (gloves unavailable)
rMut   .         Stasis   .     (boots unavailable)
MR     .....                    (no amulet)
Stlth  +.........               (no ring)
                                (no ring)

@: very slightly contaminated, not resistant to hostile enchantments, very
unstealthy
A: unfitting armour, claws 3, fast metabolism 3, gourmand, regeneration 2,
shaggy fur 1, tough skin 2
a: Renounce Religion


You were on level 3 of the Dungeon.
You worshipped Vehumet.
Vehumet was pleased with you.
You were full.

You visited 1 branch of the dungeon, and saw 4 of its levels.

You collected 105 gold pieces.

Inventory:

Missiles
 d - 5 tomahawks of dispersal (quivered)
 r - 17 poisoned needles
Armour
 a - a +0 robe (worn)
Scrolls
 c - a scroll of blinking
 f - 2 scrolls of identify {unknown}
 g - a scroll of noise {unknown}
 h - a scroll of random uselessness {unknown}
 i - 4 scrolls of teleportation {unknown}
 k - 4 scrolls of remove curse {unknown}
 n - 2 scrolls of enchant armour {unknown}
 o - a scroll of fog {unknown}
 q - a scroll of fear {unknown}
 v - 3 scrolls of magic mapping {unknown}
Potions
 l - a potion of lignification {unknown}
 m - a potion of heal wounds {unknown}
 p - a potion of brilliance {unknown}
 t - a potion of might {unknown}
 w - a potion of mutation {unknown}
Books
 b - a book of Spatial Translocations

   Spells                             Type                      Level
   a - Apportation                    Translocation                1
   b - Blink                          Translocation                2
   c - Shroud of Golubria             Charms/Translocation         2
   d - Portal Projectile              Translocation                3
   e - Teleport Other                 Translocation                3
   f - Passage of Golubria            Translocation                4
Comestibles
 e - 6 bread rations
 j - 3 meat rations
 s - a beef jerky
 u - 5 chunks of flesh


   Skills:
 * Level 2.5 Fighting
 - Level 0.8 Throwing
 * Level 3.7 Dodging
 + Level 2.2 Unarmed Combat
 + Level 1.2 Spellcasting
 - Level 2.1 Translocations


You had 2 spell levels left.
You knew the following spells:

 Your Spells              Type           Power        Failure   Level  Hunger
a - Apportation           Tloc           #.........   14%         1    ##.....
b - Blink                 Tloc           N/A          21%         2    ###....


Dungeon Overview and Level Annotations

Branches:
Dungeon (4/15)
 Temple: D:4-7

Altars:
Vehumet


Innate Abilities, Weirdness & Mutations

You are too large for most types of armour.
You have claws for hands.
Your metabolism is lightning-fast.
You like to eat raw meat.
You heal very quickly.
You are covered in fur (AC +1).
You have very tough skin (AC +2).


Message History

The orc hits you but does no damage.
The orc wizard hits you but does no damage.
You climb downwards.
There is a stone staircase leading up here.
The orc wizard hits you with a dagger.
* * * LOW HITPOINT WARNING * * *
The orc hits you with a short sword.
* * * LOW HITPOINT WARNING * * *
The orc wizard hits you with a dagger.
* * * LOW HITPOINT WARNING * * *
You climb upwards.
There is a stone staircase leading down here.
Casting: Apportation
Confirm with . or Enter, or press ? or * to list all spells.
You miscast Blink.
You are very lightly contaminated with residual magic.
You spin around.
The orc hits you with a short sword.
* * * LOW HITPOINT WARNING * * *
The orc wizard hits you with a dagger.
You die...

...# #.#.#.#.#.#
...# #.#.#.#.#.#
รท..#####'#.#.#.#.#
...##......#...#.#
....'......#<..#.#
'####........#.#.#
.#..#......#.#.#.#
.#..#......#.#.#o#
...............o@#
.#)..........#.###
.#...........#.#
###..........#.#
.............#.#
.............#.#
.....###'###.#.#
####.##......#.#
#..'......#


You could see an orc wizard and an orc.

Vanquished Creatures
  3 gnolls (D:2)
  3 adders (D:2)
  2 worms (D:2)
  2 giant geckos (D:2)
  An orc (D:4)
  4 bats
  2 giant cockroaches
  9 goblins
  7 hobgoblins
  2 jackals (D:1)
  2 ball pythons (D:1)
  2 giant newts
  6 kobolds
  2 quokkas (D:2)
  23 rats
  2 plants (D:1)
72 creatures vanquished.

Notes
Turn   | Place    | Note
--------------------------------------------------------------
     0 | D:1      | dohliylev the Troll Warper began the quest for the Orb.
     0 | D:1      | Reached XP level 1. HP: 19/19 MP: 1/1
   312 | D:1      | Reached XP level 2. HP: 28/28 MP: 2/2
  1200 | D:1      | You fall through a shaft!
  1201 | D:2      | Found a faded altar to an unknown god.
  1206 | D:2      | Reached XP level 3. HP: 35/35 MP: 3/3
  1287 | D:2      | Became a worshipper of Vehumet
  1287 | D:2      | Reached * piety under Vehumet
  1287 | D:2      | Offered knowledge of Flame Tongue by Vehumet.
  1298 | D:2      | Learned a level 2 spell: Blink
  1323 | D:2      | Reached skill level 3 in Dodging
  1684 | D:2      | Reached XP level 4. HP: 31/42 MP: 4/4
  1721 | D:2      | Offered knowledge of Sandblast by Vehumet.
  1736 | D:2      | Reached ** piety under Vehumet
  2365 | D:3      | HP: 1/44 [orc/short sword (4)]
  2365 | D:3      | Slain by an orc wizard

Action                   |  1- 3 |  4- 6 || total
-------------------------+-------+-------++-------
Melee: Unarmed           |   178 |    55 ||   233
 Cast: Blink             |       |     1 ||     1
  Eat: Chunk             |    20 |     5 ||    25
